AoeStats
← krystof.kiml

Arabia

510172302Analyzed
2v2 RM · 1d ago on Sep 29, 2026· 47m 16s· 4 players
Game mode
Random Map
Map size
Medium (4 player)
Population
200
Speed
Normal
Resources
Standard
Victory
Conquest
Starting age
Dark Age
Ending age
Imperial Age
RankedLock teamsTeams togetherTeam positionsShared explorationLock speedFull tech treeHidden civsTurbo modeCheats
Victory
Defeat
🇨🇿 Romans · Czechia
981
+17
🇨🇿 Vikings · Czechia
965
+17
🇵🇱 Ethiopians · Poland
1000
-51
🇦🇷 Danes · Argentina
986
-17
krystof.kiml
11:57 Feudal Age
12:02 Man-at-Arms
14:32 Scale Mail Armor
14:43 Forging
20:53 Castle Age
19:21 Horse Collar
19:28 Double-Bit Axe
20:55 Long Swordsman
22:33 Chain Mail Armor
29:25 Stone Mining
29:25 Gold Mining
29:50 Bow Saw
30:59 Wheelbarrow
31:25 Iron Casting
31:16 Heavy Plow
35:40 Imperial Age
34:10 Scale Barding Armor
34:51 Ballistics
35:52 Gold Shaft Mining
35:52 Chain Barding Armor
36:31 Hand Cart
36:30 Ballistas
37:59 Blast Furnace
37:21 Conscription
37:15 Legionary
38:06 Heavy Scorpion
41:01 Chemistry
40:59 Elite Centurion
42:31 Comitatenses
42:57 Crop Rotation
43:47 Plate Barding Armor
43:51 Caravan
43:39 Town Watch
43:39 Loom
Bluechip
10:42 Feudal Age
18:13 Castle Age
17:10 Horse Collar
17:20 Double-Bit Axe
22:33 Man-at-Arms
25:39 Loom
28:47 Bow Saw
30:18 Long Swordsman
31:06 Squires
32:21 Forging
32:16 Scale Mail Armor
32:26 Heavy Plow
33:19 Stone Mining
33:20 Gold Mining
33:21 Long Swordsman
36:03 Iron Casting
35:44 Chain Mail Armor
35:30 Arson
43:14 Imperial Age
43:35 Two-Handed Swordsman
44:30 Capped Ram
44:41 Capped Ram
46:30 Blast Furnace
46:01 Plate Mail Armor
46:11 Champion
Grubrun2970
9:20 Feudal Age
9:47 Loom
10:39 Double-Bit Axe
18:05 Fletching
18:15 Padded Archer Armor
28:06 Castle Age
26:58 Forging
29:23 Bodkin Arrow
29:00 Crossbowman
30:17 Town Watch
31:04 Leather Archer Armor
31:25 Iron Casting
31:31 Gold Mining
31:47 Squires
32:53 Horse Collar
35:45 Thumb Ring
42:50 Elite Skirmisher
43:38 Scale Barding Armor
44:28 Wheelbarrow
45:25 Heavy Plow
45:38 Bow Saw
48:06 Imperial Age
45:40 Town Patrol
45:47 Husbandry
ovi1kanabis
6:40 Loom
9:09 Feudal Age
9:55 Double-Bit Axe
12:20 Man-at-Arms
14:27 Horse Collar
21:36 Castle Age
19:33 Gold Mining
19:47 Fletching
20:43 Forging
22:39 Stone Mining
23:23 Bow Saw
24:29 Scale Mail Armor
24:40 Town Watch
25:34 Wheelbarrow
25:50 Squires
27:47 Iron Casting
28:05 Arson
31:42 Imperial Age
31:06 Chain Mail Armor
30:55 Hamask
34:46 Blast Furnace
35:17 Conscription
35:49 Sanctity
35:42 Fervor
36:22 Hand Cart
38:10 Sanctity
38:29 Stone Shaft Mining
38:49 Plate Mail Armor
37:51 Elite Varangian Guard
38:46 Devotion
39:33 Theocracy
40:10 Bodkin Arrow
40:45 Heavy Plow
41:27 Ballistics
41:51 Bracer
41:14 Crossbowman
41:20 Elite Skirmisher
43:31 Thumb Ring
44:32 Chemistry
46:05 Bloodlines
45:56 Husbandry
Connection lost

Rejoining the realm…

Still unreachable

The connection could not be restored.

Session expired

The server has moved on; the page needs a fresh start.